 Dungeon Crawl Stone Soup version 0.30-a0-782-ge64f9170bb (webtiles) character file.

Game seed: 8186484321093736310

98 112233 the Sneak (level 4, -7/27 HPs)
             Began as an Octopode Enchanter on Mar 1, 2023.
             Mangled by a gnoll
             ... wielding a +0 halberd
              (11 damage)
             ... on level 3 of the Dungeon.
             The game lasted 00:02:23 (1506 turns).

112233 the Sneak (Octopode Enchanter)               Turns: 1506, Time: 00:02:24

Health: -7/27      AC:  1    Str:  7    XL:     4   Next: 69%
Magic:  1/9        EV: 13    Int: 19    God:
Gold:   118        SH:  0    Dex: 12    Spells: 2/10 levels left

rFire   . . .      SeeInvis .    l - +1 dagger (speed)
rCold   . . .      Faith    .    (no shield)
rNeg    . . .      Spirit   .    (helmet restricted)
rPois   .          Reflect  .    (no amulet)
rElec   .          Harm     .    (no ring)
rCorr   .          Rampage  .    (no ring)
Will    .....                    (no ring)
Stlth   ++++                     (no ring)
HPRegen 0.24/turn                (no ring)
MPRegen 0.11/turn                (no ring)
                                 (no ring)
                                 (no ring)

@: no status effects
A: almost no armour, amphibious, 8 rings, camouflage 1, gelatinous body 1,
(nimble swimmer 1), tentacles
a: no special abilities


You were on level 3 of the Dungeon.
You visited 1 branch of the dungeon, and saw 4 of its levels.

You collected 118 gold pieces.

Inventory:

Hand Weapons
 a - a +1 dagger
 j - a +0 vampiric dagger
 l - a +1 dagger of speed (weapon)
Scrolls
 c - 5 scrolls of teleportation {unknown}
 d - 6 scrolls of identify {unknown}
 e - 2 scrolls of magic mapping {unknown}
 g - 2 scrolls of fear {unknown}
 h - a scroll of vulnerability {unknown}
 k - 4 scrolls of silence {unknown}
 m - 3 scrolls of blinking {unknown}
Potions
 b - 3 potions of invisibility
 f - a potion of haste
 i - a potion of heal wounds {unknown}
 n - a potion of brilliance {unknown}
 o - a potion of curing {unknown}


   Skills:
 + Level 0.6 Fighting
 + Level 1.4 Short Blades
 + Level 2.2 Dodging
 + Level 4.3 Stealth
 + Level 3.8 Spellcasting
 - Level 3.0 Hexes


You had 2 spell levels left.
You knew the following spells:

 Your Spells              Type           Power      Damage    Failure   Level
a - Ensorcelled Hibernat  Hex/Ice        18%        N/A       12%         2
b - Confusing Touch       Hex            15%        N/A       12%         3
c - Tukima's Dance        Hex            15%        N/A       12%         3

Your spell library contained the following spells:

 Spells                   Type           Power      Damage    Failure   Level
 Slow                     Hex            60%        N/A       4%          1
 Dazzling Flash           Conj/Hex       18%        N/A       22%         3
 Vampiric Draining        Necr           3%         2d6       38%         3


Dungeon Overview and Level Annotations

Branches:
Dungeon (4/15)
 Temple: D:4-7

Altars:

Shops:
D:1 !   D:3 !


Innate Abilities, Weirdness & Mutations

You cannot wear most types of armour.
You are amphibious.
You can wear up to eight rings at the same time.
Your skin changes colour to match your surroundings (Stealth+).
Your rubbery body absorbs attacks. (AC +1, EV +1)
((You are camouflaged when in or above water. (Stealth+)))
You have tentacles for arms and can constrict up to eight enemies at once.


Message History

You release your grip on the hobgoblin.
The hobgoblin attacks as you move away! The hobgoblin misses you.
Casting: Ensorcelled Hibernation (safe; 12% risk of failure)
Confirm with . or Enter, or press ? or * to list all spells.
Aiming: Ensorcelled Hibernation (safe; 12% risk of failure)
Press: ? - help, Shift-Dir - straight line, f/p - hobgoblin
Aim: a hobgoblin (chance to affect: 61%)
The hobgoblin looks drowsy...
The helpless hobgoblin fails to defend itself.
You puncture the hobgoblin!
You kill the hobgoblin!
Casting: Ensorcelled Hibernation (safe; 12% risk of failure)
Confirm with . or Enter, or press ? or * to list all spells.
Aiming: Ensorcelled Hibernation (safe; 12% risk of failure)
Press: ? - help, Shift-Dir - straight line, f - gnoll
Aim: a gnoll, wielding a +0 halberd (chance to affect: 51%)
The gnoll resists with significant effort.
The gnoll hits you from afar with a +0 halberd!
Casting: Ensorcelled Hibernation (safe; 12% risk of failure)
Confirm with . or Enter, or press ? or * to list all spells.
Aiming: Ensorcelled Hibernation (safe; 12% risk of failure)
Press: ? - help, Shift-Dir - straight line, f/p - gnoll
Aim: a gnoll, wielding a +0 halberd (chance to affect: 51%)
The gnoll resists with significant effort.
The gnoll closely misses you.
Casting: Ensorcelled Hibernation (safe; 12% risk of failure)
Confirm with . or Enter, or press ? or * to list all spells.
Aiming: Ensorcelled Hibernation (safe; 12% risk of failure)
Press: ? - help, Shift-Dir - straight line, f/p - gnoll
Aim: a gnoll, wielding a +0 halberd (chance to affect: 51%)
The gnoll resists with significant effort.
The gnoll hits you from afar with a +0 halberd.
There is a stone staircase leading down here.
You can't go down here!
The gnoll hits you with a +0 halberd!
Ouch! That really hurt!
* * * LOW HITPOINT WARNING * * *
There is a stone staircase leading down, spattered with blood here.
The gnoll hits you with a +0 halberd!
You die...

#.# #.#
#.# #.#
#.# #.#
#.#
#.######.#
#.....@g.#
##########


You could see a gnoll.

Vanquished Creatures
  A gnoll (D:3)
  3 adders
  3 dart slugs
  3 orcs (D:3)
  4 bats
  2 endoplasms
  A giant cockroach (D:2)
  5 goblins
  7 hobgoblins
  4 kobolds
  2 quokkas
  6 ball pythons
  A frilled lizard (D:2)
  4 rats
46 creatures vanquished.

Vanquished Creatures (others)
  A dancing weapon (D:3)
1 creature vanquished.

Grand Total: 47 creatures vanquished

Notes
Turn   | Place    | Note
-------+----------+-------------------------------------------
     0 | D:1      | 112233 the Octopode Enchanter began the quest for the Orb.
     0 | D:1      | Reached XP level 1. HP: 11/11 MP: 3/3
    46 | D:1      | Found Jutiwai's Distillery.
   123 | D:1      | Reached XP level 2. HP: 17/17 MP: 3/5
   126 | D:1      | Learned a level 2 spell: Ensorcelled Hibernation
   564 | D:1      | Reached XP level 3. HP: 21/21 MP: 7/7
   985 | D:2      | Found a faded altar of an unknown god.
  1163 | D:2      | Reached XP level 4. HP: 22/27 MP: 9/9
  1186 | D:2      | Learned a level 3 spell: Confusing Touch
  1190 | D:2      | Learned a level 3 spell: Tukima's Dance
  1481 | D:3      | Found Fisk's Distillery.
  1506 | D:3      | Mangled by a gnoll

Illustrated notes

Levels and vault maps discovered:
D:1:      ebering_trefoil_twist, layout_basic, serial_shops, shop
D:2:      layout_basic, ebering_ecumenical_altar_ruins, serial_glass,
          glass_columns_b, glass_columns_b, eino_curves_04,
          minmay_split_cup_large
D:3:      layout_loops_ring, serial_shops, shop
D:4:      layout_basic, mainiacjoe_overflow_catwalk_spiral, uniq_grinder,
          uniq_sigmund, uniq_natasha

Skill      XL: |  1  2 |
---------------+-------+-----
Spellcasting   | 3 |  3.8
Fighting       | |  0.6
Short Blades   | |  1.4
Dodging        | |  2.2
Stealth        | |  4.3
Hexes          | |  3.0

Action                     |  1- 3 |  4- 6 || total
---------------------------+-------+-------++-------
  Melee: Dagger            |    75 |    15 ||    90
         Constrict         |    20 |     4 ||    24
         Tentacles         |    12 |     3 ||    15
         Punch             |     3 |       ||     3
   Cast: Ensorcelled Hiber |       |     9 ||     9
         Tukima's Dance    |       |     1 ||     1
    Use: Potion            |     1 |       ||     1
   Stab: Sleeping          |     9 |     6 ||    15
 Armour: Skin              |     7 |     1 ||     8
  Dodge: Dodged            |    43 |     6 ||    49

Table legend: (Time is in decaauts)
 A = Elapsed time spent in this place.
 B = Non-inter-level travel time spent in this place.
 C = Inter-level travel time spent in this place.
 D = Time resting spent in this place.
 E = Time spent auto-exploring this place.
 F = Levels seen in this place.
 G = Mean time per level.
                   A        B        C        D        E       F      G
               +--------+--------+--------+--------+--------+-----+--------+
         Total |   1475 |   1420 |     55 |      0 |   1053 |   4 |  368.8 |
       Dungeon |   1475 |   1420 |     55 |      0 |   1053 |   4 |  368.8 |
               +--------+--------+--------+--------+--------+-----+--------+

Top non-repeatable levels by time:
     D:2: 599 daAuts
     D:1: 585 daAuts
     D:3: 273 daAuts
     D:4: 16 daAuts
